TOP OF THE 1ST |
Belvedere Park Rawhides batting - Pitching for Springfield Shooters : RHP Gerald Keller
|
Pitching: RHP Gerald Keller
|
|
Batting: RHB Ed Jozwiak
|
0-0: Ball 1-0: Called Strike 1-1: Bunt missed! 1-2: Ball 2-2: DOUBLE (Flyball, 7)
|
Batting: RHB Jeremy Boyter
|
0-0: Called Strike 0-1: Called Strike 0-2: Ball 1-2: Foul Ball, location: 2F 1-2: SINGLE (Groundball, 4MD) Ed Jozwiak to third
|
Batting: RHB Scott Robertson
|
0-0: Fly out, F7 (Flyball, 78S) Runner from 3rd tags up, SCORES, no throw
|
Batting: RHB Warren Willis
|
0-0: Called Strike 0-1: Foul Ball, location: 2F 0-2: Ball 1-2: Fly out, F8 (Flyball, 8RS)
|
Batting: RHB Jesús Calderón
|
0-0: Ball Jeremy Boyter is caught stealing 2nd base
|
Top of the 1st over - 1 run(s), 2 hit(s), 0 error(s), 0 left on base; Belvedere Park 1 - Springfield 0 |
BOTTOM OF THE 1ST |
Springfield Shooters batting - Pitching for Belvedere Park Rawhides : LHP Alexis Zambaco
|
Pitching: LHP Alexis Zambaco
|
|
Batting: SHB Benedict Patel
|
0-0: Called Strike 0-1: Ball 1-1: Swinging Strike 1-2: Ball 2-2: Foul Ball, location: 2F 2-2: Ball 3-2: Foul Ball, location: 2F 3-2: Foul Ball, location: 2F 3-2: Ground out 1-3 (Groundball, P)
|
Batting: RHB Carlos Cardona
|
0-0: Ball 1-0: Ball 2-0: Swinging Strike 2-1: Ball 3-1: Base on Balls
|
Batting: LHB Chris Payling
|
0-0: Ball 1-0: Called Strike 1-1: Ball 2-1: Swinging Strike 2-2: Ball 3-2: Strikes out swinging
|
Batting: RHB Gabrio Campoverde
|
0-0: Called Strike 0-1: Ball 1-1: Swinging Strike 1-2: Strikes out swinging
|
Bottom of the 1st over - 0 run(s), 0 hit(s), 0 error(s), 1 left on base; Belvedere Park 1 - Springfield 0 |
TOP OF THE 2ND |
Belvedere Park Rawhides batting - Pitching for Springfield Shooters : RHP Gerald Keller
|
Batting: RHB Jesús Calderón
|
0-0: Foul Ball, location: 2F 0-1: Foul Ball, location: 2F 0-2: Ball 1-2: Ball 2-2: Ball 3-2: Strikes out swinging, 2-3 out at first.
|
Batting: RHB José Pérez
|
0-0: Called Strike 0-1: Ball 1-1: Ball 2-1: Ball 3-1: Foul Ball, location: 2F 3-2: Ground out 6-3 (Groundball, 56)
|
Batting: RHB Jaime Cruz
|
0-0: Foul Ball, location: 2F 0-1: Called Strike 0-2: Strikes out swinging
|
Top of the 2nd over - 0 run(s), 0 hit(s), 0 error(s), 0 left on base; Belvedere Park 1 - Springfield 0 |
BOTTOM OF THE 2ND |
Springfield Shooters batting - Pitching for Belvedere Park Rawhides : LHP Alexis Zambaco
|
Batting: LHB Shahid Afridi
|
0-0: Ball 1-0: Swinging Strike 1-1: Called Strike 1-2: Foul Ball, location: 2F 1-2: Ball 2-2: Ball 3-2: Strikes out looking
|
Batting: RHB Javier Vásquez
|
0-0: Called Strike 0-1: Ball 1-1: Swinging Strike 1-2: Fly out, F8 (Flyball, 8RM)
|
Batting: RHB Tony Cantú
|
0-0: Foul Ball, location: 2F 0-1: Ball 1-1: Swinging Strike 1-2: Fly out, F7 (Line Drive, 7)
|
Bottom of the 2nd over - 0 run(s), 0 hit(s), 0 error(s), 0 left on base; Belvedere Park 1 - Springfield 0 |
TOP OF THE 3RD |
Belvedere Park Rawhides batting - Pitching for Springfield Shooters : RHP Gerald Keller
|
Batting: RHB Armando Carmona
|
0-0: Ball 1-0: Swinging Strike 1-1: Ball 2-1: Swinging Strike 2-2: Fly out, F1 (Line Drive, 13)
|
Batting: RHB Kevin Johnson
|
0-0: Ball 1-0: SINGLE (Groundball, 4MD)
|
Batting: RHB Ed Jozwiak
|
0-0: Ball 1-0: Grounds into double play, 5-4-3 (Groundball, 56)
|
Top of the 3rd over - 0 run(s), 1 hit(s), 0 error(s), 0 left on base; Belvedere Park 1 - Springfield 0 |
BOTTOM OF THE 3RD |
Springfield Shooters batting - Pitching for Belvedere Park Rawhides : LHP Alexis Zambaco
|
Batting: RHB Willis Kirkendall
|
0-0: Ground out 5-3 (Groundball, 56)
|
Batting: RHB Francisco Gonzáles
|
0-0: Ball 1-0: Foul Ball, location: 2F 1-1: Foul Ball, location: 2F 1-2: Foul Ball, location: 2F 1-2: Ball 2-2: Strikes out swinging
|
Batting: SHB Benedict Patel
|
0-0: Ball 1-0: Ball 2-0: Ball 3-0: Swinging Strike 3-1: SINGLE (Groundball, 34D)
|
Batting: RHB Carlos Cardona
|
0-0: Ball Benedict Patel is caught stealing 2nd base
|
Bottom of the 3rd over - 0 run(s), 1 hit(s), 0 error(s), 0 left on base; Belvedere Park 1 - Springfield 0 |
TOP OF THE 4TH |
Belvedere Park Rawhides batting - Pitching for Springfield Shooters : RHP Gerald Keller
|
Batting: RHB Jeremy Boyter
|
0-0: Bunt missed! 0-1: Foul Ball, location: 2F 0-2: Foul Ball, location: 2F 0-2: Foul Ball, location: 2F 0-2: Ball 1-2: Ball 2-2: Ball 3-2: Ground out 4-3 (Groundball, 4)
|
Batting: RHB Scott Robertson
|
0-0: Ball 1-0: Ball 2-0: Called Strike 2-1: Swinging Strike 2-2: Strikes out looking
|
Batting: RHB Warren Willis
|
0-0: Ground out 3-1 (Groundball, 34S)
|
Top of the 4th over - 0 run(s), 0 hit(s), 0 error(s), 0 left on base; Belvedere Park 1 - Springfield 0 |
BOTTOM OF THE 4TH |
Springfield Shooters batting - Pitching for Belvedere Park Rawhides : LHP Alexis Zambaco
|
Batting: RHB Carlos Cardona
|
0-0: Called Strike 0-1: SINGLE (Line Drive, 3)
|
Batting: LHB Chris Payling
|
0-0: Ball 1-0: Ball 2-0: Foul Ball, location: 2F 2-1: Ball 3-1: SINGLE (Line Drive, 89S) Carlos Cardona to second
|
Batting: RHB Gabrio Campoverde
|
0-0: Ball 1-0: Called Strike 1-1: Foul Ball, location: 2F 1-2: Ball 2-2: Ball 3-2: Strikes out looking
|
Batting: LHB Shahid Afridi
|
0-0: Fly out, F3 (Line Drive, 3S)
|
Batting: RHB Javier Vásquez
|
0-0: Fly out, F9 (Flyball, 9S)
|
Bottom of the 4th over - 0 run(s), 2 hit(s), 0 error(s), 2 left on base; Belvedere Park 1 - Springfield 0 |
TOP OF THE 5TH |
Belvedere Park Rawhides batting - Pitching for Springfield Shooters : RHP Gerald Keller
|
Batting: RHB Jesús Calderón
|
0-0: Called Strike 0-1: Called Strike 0-2: Foul Ball, location: 2F 0-2: Ball 1-2: Ball 2-2: Ball 3-2: Base on Balls
|
Batting: RHB José Pérez
|
0-0: Reached on error, E1 (Groundball, 13) Jesús Calderón to second
|
Batting: RHB Jaime Cruz
|
0-0: Grounds into double play, 5-4-3 (Groundball, 56) Jesús Calderón to third
|
Batting: RHB Armando Carmona
|
0-0: Ball 1-0: Ball 2-0: Ground out 5-3 (Groundball, 56)
|
Top of the 5th over - 0 run(s), 0 hit(s), 1 error(s), 1 left on base; Belvedere Park 1 - Springfield 0 |
BOTTOM OF THE 5TH |
Springfield Shooters batting - Pitching for Belvedere Park Rawhides : LHP Alexis Zambaco
|
Batting: RHB Tony Cantú
|
0-0: Called Strike 0-1: Ball 1-1: Foul Ball, location: 2F 1-2: Foul Ball, location: 2F 1-2: Ball 2-2: Ball 3-2: Base on Balls
|
Batting: RHB Willis Kirkendall
|
0-0: Foul Ball, location: 2F 0-1: Swinging Strike 0-2: Strikes out swinging
|
Batting: RHB Francisco Gonzáles
|
0-0: Called Strike 0-1: Ball 1-1: Called Strike 1-2: Strikes out swinging
|
Batting: SHB Benedict Patel
|
0-0: Ball 1-0: DOUBLE (Line Drive, 7LM) Tony Cantú to third Runner from 3rd tries for Home, SAFE, no throw
|
Batting: RHB Carlos Cardona
|
0-0: Foul Ball, location: 2F 0-1: Called Strike 0-2: Ball 1-2: Ball 2-2: Ball 3-2: Base on Balls
|
Batting: LHB Chris Payling
|
0-0: Fly out, F7 (Flyball, 7)
|
Bottom of the 5th over - 1 run(s), 1 hit(s), 0 error(s), 2 left on base; Belvedere Park 1 - Springfield 1 |
TOP OF THE 6TH |
Belvedere Park Rawhides batting - Pitching for Springfield Shooters : RHP Gerald Keller
|
Batting: RHB Kevin Johnson
|
0-0: Ball 1-0: Ball 2-0: Ground out 5-3 (Groundball, 56)
|
Batting: RHB Ed Jozwiak
|
0-0: Ball 1-0: Called Strike 1-1: Ball 2-1: Ground out 5-3 (Groundball, 56)
|
Batting: RHB Jeremy Boyter
|
0-0: Ball 1-0: Ball 2-0: Foul Ball, location: 2F 2-1: Foul Ball, location: 2F 2-2: Ball 3-2: Foul Ball, location: 2F 3-2: Base on Balls
|
Batting: RHB Scott Robertson
|
0-0: Ball 1-0: SINGLE (Line Drive, 8RS) Jeremy Boyter to second Runner from 2nd tries for 3rd, SAFE, throw made to third
|
Batting: RHB Warren Willis
|
0-0: Fly out, F8 (Flyball, 8RM)
|
Top of the 6th over - 0 run(s), 1 hit(s), 0 error(s), 2 left on base; Belvedere Park 1 - Springfield 1 |
BOTTOM OF THE 6TH |
Springfield Shooters batting - Pitching for Belvedere Park Rawhides : LHP Alexis Zambaco
|
Pitching: RHP Jason Zeitler
|
|
Batting: RHB Gabrio Campoverde
|
0-0: Ball 1-0: Called Strike 1-1: Called Strike 1-2: Foul Ball, location: 2F 1-2: SINGLE (Groundball, 56D)
|
Batting: LHB Shahid Afridi
|
0-0: Foul Ball, location: 2F 0-1: Ball 1-1: Ball 2-1: Foul Ball, location: 2F 2-2: Foul Ball, location: 2F 2-2: Foul Ball, location: 2F 2-2: SINGLE (Flyball, 7S) Gabrio Campoverde to second
|
Batting: RHB Javier Vásquez
|
0-0: Sac Bunt - play at first, batter safe! Gabrio Campoverde to third Shahid Afridi to second
|
Batting: RHB Tony Cantú
|
0-0: Grounds into fielders choice 4-2 (Groundball, 4) Shahid Afridi to third Javier Vásquez to second
|
Batting: RHB Willis Kirkendall
|
0-0: Called Strike 0-1: Ball 1-1: Grounds into double play, 6-2-3 (Groundball, 6)
|
Bottom of the 6th over - 0 run(s), 3 hit(s), 0 error(s), 2 left on base; Belvedere Park 1 - Springfield 1 |
TOP OF THE 7TH |
Belvedere Park Rawhides batting - Pitching for Springfield Shooters : RHP Gerald Keller
|
Batting: RHB Jesús Calderón
|
0-0: SINGLE (Groundball, 56D)
|
Batting: RHB José Pérez
|
0-0: Sac Bunt - play at first, batter OUT! 3-4 Jesús Calderón to second
|
Batting: RHB Jaime Cruz
|
0-0: Intentional Walk
|
Pinch Hitting: LHB Jim Unknown
|
0-0: Ball 1-0: SINGLE (Line Drive, 6D) Jesús Calderón to third Jaime Cruz to second
|
Pinch Hitting: LHB Dan O'Day
|
0-0: Ball 1-0: SINGLE (Line Drive, 4MD) Jesús Calderón scores Jaime Cruz to third Jim Unknown to second
|
Batting: RHB Ed Jozwiak
|
0-0: Ball 1-0: Foul Ball, location: 2F 1-1: Ball 2-1: Ball 3-1: Grounds into fielders choice 6-2 (Groundball, 56) Jim Unknown to third Dan O'Day to second
|
Pinch Hitting: RHB Armond Merlin
|
0-0: Called Strike 0-1: Ball 1-1: Ball 2-1: SINGLE (Groundball, 56D) Jim Unknown scores Dan O'Day to third Ed Jozwiak to second Runner from 3rd tries for Home, SAFE, no throw
|
Batting: RHB Scott Robertson
|
0-0: Called Strike 0-1: Ball 1-1: Ball 2-1: Ball 3-1: Foul Ball, location: 2F 3-2: Base on Balls Ed Jozwiak to third Armond Merlin to second
|
Pitching: RHP Wyatt Meek
|
|
Batting: RHB Warren Willis
|
0-0: Ball 1-0: Called Strike 1-1: Ball 2-1: Swinging Strike 2-2: Ball 3-2: Foul Ball, location: 2F 3-2: Base on Balls Ed Jozwiak scores Armond Merlin to third Scott Robertson to second
|
Batting: RHB Jesús Calderón
|
0-0: Swinging Strike 0-1: Called Strike 0-2: Ball 1-2: Strikes out swinging
|
Top of the 7th over - 4 run(s), 4 hit(s), 0 error(s), 3 left on base; Belvedere Park 5 - Springfield 1 |
BOTTOM OF THE 7TH |
Springfield Shooters batting - Pitching for Belvedere Park Rawhides : RHP Jason Zeitler
|
Now at 1B: Jim Unknown
|
|
Now at SS: Armond Merlin
|
|
Now in CF: Dan O'Day
|
|
Batting: RHB Francisco Gonzáles
|
0-0: Ball 1-0: SINGLE (Line Drive, 4D)
|
Batting: SHB Benedict Patel
|
0-0: Called Strike 0-1: Foul Ball, location: 2F 0-2: Foul Ball, location: 2F 0-2: Foul Ball, location: 2F 0-2: Fly out, F8 (Flyball, 8LD)
|
Batting: RHB Carlos Cardona
|
0-0: Ball Throwing error on steal attempt, E2 Francisco Gonzáles to third 1-0: Ball 2-0: Fly out, F8 (Line Drive, 8RXD) Runner from 3rd tags up, SCORES, no throw
|
Batting: LHB Chris Payling
|
0-0: Swinging Strike 0-1: Ground out 6-3 (Groundball, 6)
|
Bottom of the 7th over - 1 run(s), 1 hit(s), 1 error(s), 0 left on base; Belvedere Park 5 - Springfield 2 |
TOP OF THE 8TH |
Belvedere Park Rawhides batting - Pitching for Springfield Shooters : RHP Wyatt Meek
|
Batting: RHB José Pérez
|
0-0: Ball 1-0: Ball 2-0: DOUBLE (Flyball, 89M)
|
Batting: RHB Jaime Cruz
|
0-0: Fly out, F9 (Flyball, 9)
|
Batting: LHB Jim Unknown
|
0-0: Called Strike 0-1: Swinging Strike 0-2: Ball 1-2: Foul Ball, location: 2F 1-2: Strikes out swinging
|
Batting: LHB Dan O'Day
|
0-0: Ball 1-0: DOUBLE (Flyball, 8RXD) José Pérez scores
|
Batting: RHB Ed Jozwiak
|
0-0: Foul Ball, location: 2F 0-1: Swinging Strike 0-2: Strikes out swinging
|
Top of the 8th over - 1 run(s), 2 hit(s), 0 error(s), 1 left on base; Belvedere Park 6 - Springfield 2 |
BOTTOM OF THE 8TH |
Springfield Shooters batting - Pitching for Belvedere Park Rawhides : RHP Jason Zeitler
|
Batting: RHB Gabrio Campoverde
|
0-0: Foul Ball, location: 2F 0-1: Ball 1-1: Called Strike 1-2: Strikes out swinging
|
Batting: LHB Shahid Afridi
|
0-0: Ball 1-0: Swinging Strike 1-1: Foul Ball, location: 2F 1-2: Ground out U3 (Groundball, 34)
|
Batting: RHB Javier Vásquez
|
0-0: Ball 1-0: Foul Ball, location: 2F 1-1: Ball 2-1: Foul Ball, location: 2F 2-2: Fly out, F8 (Flyball, 8RM)
|
Bottom of the 8th over - 0 run(s), 0 hit(s), 0 error(s), 0 left on base; Belvedere Park 6 - Springfield 2 |
TOP OF THE 9TH |
Belvedere Park Rawhides batting - Pitching for Springfield Shooters : RHP Wyatt Meek
|
Batting: RHB Armond Merlin
|
0-0: Ball 1-0: Ball 2-0: Called Strike 2-1: Ball 3-1: Base on Balls
|
Batting: RHB Scott Robertson
|
0-0: Called Strike 0-1: Ball 1-1: Ball 2-1: Ball 3-1: Base on Balls Armond Merlin to second
|
Batting: RHB Warren Willis
|
0-0: Foul Ball, location: 2F 0-1: Swinging Strike 0-2: Ball 1-2: Foul Ball, location: 2F 1-2: Foul Ball, location: 2F 1-2: Ball 2-2: Strikes out swinging
|
Batting: RHB Jesús Calderón
|
0-0: Ball 1-0: Ball 2-0: Foul Ball, location: 2F 2-1: Foul Ball, location: 2F 2-2: Ball Wild Pitch! Armond Merlin to third Scott Robertson to second 3-2: Foul Ball, location: 2F 3-2: SINGLE (Line Drive, 5) Armond Merlin scores Scott Robertson to third Runner from 3rd tries for Home, SAFE, no throw
|
Batting: RHB José Pérez
|
0-0: Foul Ball, location: 2F 0-1: Called Strike 0-2: Ball 1-2: Fly out, F8 (Flyball, 8RM)
|
Batting: RHB Jaime Cruz
|
0-0: Fielders Choice at 2nd, 5-4 (Groundball, 56)
|
Top of the 9th over - 2 run(s), 1 hit(s), 0 error(s), 0 left on base; Belvedere Park 8 - Springfield 2 |
BOTTOM OF THE 9TH |
Springfield Shooters batting - Pitching for Belvedere Park Rawhides : RHP Jason Zeitler
|
Pitching: RHP Aaron Chapman
|
|
Batting: RHB Tony Cantú
|
0-0: Ball 1-0: Called Strike 1-1: Foul Ball, location: 2F 1-2: Ball 2-2: Ground out 6-3 (Groundball, 6)
|
Batting: RHB Willis Kirkendall
|
0-0: Foul Ball, location: 2F 0-1: Ball 1-1: Called Strike 1-2: Strikes out looking
|
Batting: RHB Francisco Gonzáles
|
0-0: Swinging Strike 0-1: Foul Ball, location: 2F 0-2: Ball 1-2: Strikes out looking
|
Bottom of the 9th over - 0 run(s), 0 hit(s), 0 error(s), 0 left on base; Belvedere Park 8 - Springfield 2 |
|